 Dungeon Crawl Stone Soup version 0.29.1-15-g9cfb28693d (webtiles) character file.

Game seed: 11288056103918352535

435 booth the Chopper (level 6, 0/48 HPs)
             Began as a Demonspawn Gladiator on Mar 14, 2023.
             Slain by Pikel
             ... wielding a +1 whip of freezing
              (9 damage)
             ... on level 4 of the Dungeon on Mar 15, 2023.
             The game lasted 00:19:58 (3084 turns).

booth the Chopper (Demonspawn Gladiator)            Turns: 3084, Time: 00:19:58

Health: 0/48       AC:  6    Str: 16    XL:     6   Next: 68%
Magic:  6/6        EV: 13    Int: 10    God:
Gold:   97         SH:  0    Dex: 14    Spells: 5/5 levels left

rFire   . . .      SeeInvis +   q - +6 war axe
rCold   . . .      Faith    .   (no shield)
rNeg    . . .      Spirit   .   b - +0 leather armour
rPois   .          Reflect  .   c - +0 helmet
rElec   .          Harm     .   g - +0 cloak
rCorr   .          Rampage  .   j - +0 pair of gloves
Will    .....                   (no boots)
Stlth   +.........              (no amulet)
HPRegen 0.16/turn               e - ring of see invisible
MPRegen 0.10/turn               a - ring of flight

@: flying
A: demonic guardian 1, spiny 1
a: no special abilities


You were on level 4 of the Dungeon.
You visited 1 branch of the dungeon, and saw 4 of its levels.

You collected 246 gold pieces.
You spent 149 gold pieces at shops.

Inventory:

Hand Weapons
 f - a +0 hammer
 q - a +6 war axe (weapon)
Missiles
 d - 3 throwing nets (quivered)
 i - 6 poisoned darts
 m - a boomerang
Armour
 b - a +0 leather armour (worn)
 c - a +0 helmet (worn)
 g - a +0 cloak (worn)
 j - a +0 pair of gloves (worn)
Jewellery
 a - a ring of flight (right hand)
 e - a ring of see invisible (left hand)
 r - a ring of wizardry
Wands
 k - a wand of iceblast (8)
 n - a wand of polymorph (7)
Scrolls
 h - a scroll of immolation
 p - a scroll of magic mapping
Potions
 l - a potion of flight
 o - a potion of degeneration {unknown}
 s - a potion of attraction {unknown}


   Skills:
 + Level 3.7 Fighting
 * Level 4.7 Axes
 + Level 3.3 Throwing
 + Level 3.9 Dodging


You had 5 spell levels left.
You didn't know any spells.
Your spell library contained the following spells:

 Spells                   Type           Power      Damage    Failure   Level
 Frozen Ramparts          Ice            0%         1d1       80%         3
 Ice Form                 Ice/Tmut       0%         N/A       99%         4
 Summon Ice Beast         Ice/Summ       0%         N/A       99%         4


Dungeon Overview and Level Annotations

Branches:
Dungeon (4/15)
 Temple: D:4-7

Altars:

Shops:
D:2 (   D:3 *

Annotations:
D:4 Pikel


Innate Abilities, Weirdness & Mutations

A weak demonic guardian rushes to your aid.
You are partially covered in sharp spines.


Message History

The lemure is lightly wounded.
You barely miss Pikel.
Pikel hits you with a +1 whip of freezing!
Pikel freezes you. The lemure hits you but does no damage.
Pikel hits you with a +1 whip of freezing.
Pikel freezes you.
You hit Pikel.
Pikel is lightly wounded.
You hit the lemure but do no damage.
Pikel hits you with a +1 whip of freezing!
A demonic guardian appears!
Pikel freezes you. The lemure is struck by your spines. The lemure misses you.
You hit Pikel.
Pikel is moderately wounded.
You hit the lemure.
Pikel says, "I knew I should've brought a map."
Pikel is struck by your spines. Pikel misses you. The lemure barely misses you.
Pikel hits you with a +1 whip of freezing.
* * * LOW HITPOINT WARNING * * *
Pikel freezes you.
* * * LOW HITPOINT WARNING * * *
The lemure hits you.
* * * LOW HITPOINT WARNING * * *
You hit Pikel.
Pikel is heavily wounded.
You hit the lemure. Pikel misses you. Pikel closely misses you.
The lemure is struck by your spines. The lemure hits you but does no damage.
You swap places.
Pikel hits your iron imp with a +1 whip of freezing!
Pikel freezes your iron imp.
The lemure hits your iron imp but does no damage.
Pikel hits your iron imp with a +1 whip of freezing.
Your iron imp hits the lemure.
Pikel hits your iron imp with a +1 whip of freezing!
Your iron imp dies!
Your iron imp disappears in a puff of smoke!
It was a potion of flight.
You feel more buoyant.
Pikel hits you with a +1 whip of freezing!
You die...

## ##+#.# #.... ...#
#...<# #.... #..#
#....# #.... #..#
#...>####.>..
####..###..........##
..............######
####.##.......#
#.##.......#
#@##.##+#..#
#K##.##.#...#
#.##5.......#
#.5.5......[#
#######...... ###.# #


You could see Pikel (fast) and a lemure.

Vanquished Creatures
  Grinder (D:4)
  A scorpion (D:4)
  A hound (D:4)
  Crazy Yiuf (D:2)
  Jessica (D:2)
  Robin (D:2)
  An adder (D:2)
  A gnoll (D:1)
  A dart slug (D:1)
  2 worms
  An orc (D:3)
  2 bats (D:1)
  6 endoplasms
  2 giant cockroaches
  7 hobgoblins
  9 jackals (D:4)
  3 quokkas
  A ball python (D:2)
  A frilled lizard (D:2)
  7 goblins (D:2)
  2 kobolds (D:2)
  2 rats (D:1)
54 creatures vanquished.

Vanquished Creatures (others)
  A fungus (D:1)
1 creature vanquished.

Grand Total: 55 creatures vanquished

Notes
Turn   | Place    | Note
-------+----------+-------------------------------------------
     0 | D:1      | booth the Demonspawn Gladiator began the quest for the Orb.
     0 | D:1      | Reached XP level 1. HP: 16/16 MP: 1/1
    67 | D:1      | You fall into a shaft and drop 1 floor!
    98 | D:1      | Gained mutation: A weak demonic guardian rushes to your
                  | aid. [demonic ancestry]
    98 | D:1      | Reached XP level 2. HP: 22/22 MP: 2/2
   478 | D:1      | Found a faded altar of an unknown god.
   691 | D:1      | Reached skill level 3 in Axes
   846 | D:2      | Found Xenodgh's Antique Weapon Emporium.
   890 | D:2      | Noticed Jessica
   958 | D:2      | Gained mutation: You are partially covered in sharp spines.
                  | [demonic ancestry]
   958 | D:2      | Reached XP level 3. HP: 28/28 MP: 3/3
  1356 | D:2      | Killed Jessica
  1446 | D:2      | Noticed Robin
  1457 | D:2      | Reached XP level 4. HP: 34/34 MP: 4/4
  1466 | D:2      | Killed Robin
  1547 | D:2      | Found a runed translucent door.
  1548 | D:2      | Noticed Crazy Yiuf
  1556 | D:2      | Killed Crazy Yiuf
  2036 | D:2      | Bought a runed war axe for 149 gold pieces
  2104 | D:3      | Found Jamucuirgh's Assorted Antiques.
  2358 | D:4      | Reached XP level 5. HP: 41/41 MP: 5/5
  2663 | D:4      | Noticed Grinder
  2685 | D:4      | Killed Grinder
  2686 | D:4      | Reached skill level 4 in Axes
  2686 | D:4      | Reached XP level 6. HP: 26/47 MP: 6/6
  3068 | D:4      | Noticed Pikel
  3084 | D:4      | Slain by Pikel

Illustrated notes

Levels and vault maps discovered:
D:1:      dpeg_arrival_pits, layout_loops_ring,
          shapermc_ecumenical_altar_acropolis
D:2:      layout_loops_ring, serial_shops,
          nicolae_shop_temple_entry_statues_fountains, uniq_crazy_yiuf_cottage,
          uniq_jessica, uniq_robin
D:3:      layout_basic, serial_shops, nicolae_square_shop
D:4:      layout_basic, uniq_pikel, uniq_grinder

Skill      XL: |  1  2  3  4  5 |
---------------+----------------+-----
Throwing       | 2 3 |  3.3
Axes           | 3 4 |  4.7
Dodging        | 3 |  3.9
Fighting       | 3 |  3.7

Action                   |  1- 3 |  4- 6 || total
-------------------------+-------+-------++-------
Melee: War axe           |    39 |    68 ||   107
Throw: Throwing net      |     4 |       ||     4
       Javelin           |     1 |       ||     1
       Dart              |     3 |     1 ||     4
  Use: Scroll            |     3 |     2 ||     5
       Potion            |       |     4 ||     4
Armor: Leather armour    |    15 |    13 ||    28
       Skin              |       |    10 ||    10
Dodge: Dodged            |    23 |    43 ||    66
